 Dungeon Crawl Stone Soup version 0.31-a0-1074-g0b22e4e0f1 (webtiles) character file.

Game seed: 9017385864672660221

1617 DApurpleWHUMPUS the Thaumaturge (level 9, -14/57 HPs)
             Began as a Human Conjurer on Nov 27, 2023.
             Demolished by an orc warrior
             ... wielding a +3 glaive
              (21 damage)
             ... on level 6 of the Dungeon.
             The game lasted 00:19:21 (8414 turns).

DApurpleWHUMPUS the Thaumaturge (Human Conjurer)    Turns: 8414, Time: 00:19:22

Health: -14/57     AC:  5    Str: 10    XL:     9   Next: 17%
Magic:  11/21      EV: 12    Int: 19    God:
Gold:   232        SH:  0    Dex: 16    Spells: 15/25 levels left

rFire   . . .        v - +5 mace of Bafihu {freeze, rElec Str+3 Stlth+}
rCold   . . .        (no shield)
rNeg    + . .        m - +0 leather armour
rPois   .            n - +2 hat
rElec   +            r - scarf {repulsion}
rCorr   .            (no gloves)
SInv    .            (no boots)
Will    .....        (no amulet)
Stlth   +++          f - ring of wizardry
HPRegen 0.29/turn    C - ring of positive energy
MPRegen 0.17/turn

%: repel missiles, wizardry (x1)
@: no status effects
A: no striking features
a: no special abilities


You were on level 6 of the Dungeon.
You visited 1 branch of the dungeon, and saw 6 of its levels.

You collected 232 gold pieces.

Inventory:

Hand Weapons
 v - the +5 mace of Bafihu (weapon) {freeze, rElec Str+3 Stlth+}
   (You found it on level 4 of the Dungeon)

   Str+3:     It affects your strength (+3).
   rElec:     It insulates you from electricity.
   Stlth+:    It makes you more stealthy.
Armour
 a - a +0 robe
 m - a +0 leather armour (worn)
 n - a +2 hat (worn)
 r - a scarf of repulsion (worn)
Magical Staves
 o - a staff of earth
 u - a staff of death
Jewellery
 f - a ring of wizardry (left hand)
 t - a ring of protection from cold
 C - a ring of positive energy (right hand)
Wands
 A - a wand of paralysis (2)
Scrolls
 d - a scroll of identify
 h - 3 scrolls of noise
 j - 2 scrolls of immolation
 k - a scroll of summoning
 s - a scroll of amnesia
 w - a scroll of fear
 x - a scroll of fog
 y - a scroll of enchant armour
 z - a scroll of enchant weapon
Potions
 b - a potion of magic
 c - 2 potions of haste {unknown}
 e - 2 potions of mutation {unknown}
 g - a potion of invisibility {unknown}
 i - a potion of ambrosia {unknown}
 l - 2 potions of heal wounds {unknown}
 p - 2 potions of might {unknown}
 q - a potion of resistance {unknown}
 D - 2 potions of enlightenment {unknown}


   Skills:
 - Level 2.1 Dodging
 - Level 2.1 Stealth
 + Level 8.8 Spellcasting
 * Level 6.9 Conjurations


You had 15 spell levels left.
You knew the following spells:

 Your Spells              Type           Power      Damage    Failure   Level
a - Magic Dart            Conj           100%       1d8       1%          1
b - Searing Ray           Conj           68%        2d6       1%          2
c - Dazzling Flash        Conj/Hex       42%        N/A       3%          3
d - Iskenderun's Mystic   Conj/Tloc      21%        2d6       11%         4

Your spell library contained the following spells:

 Spells                   Type           Power      Damage    Failure   Level
 Fulminant Prism          Conj/Hex       10%        3d8       11%         4


Dungeon Overview and Level Annotations

Branches:
Dungeon (6/15)
 Temple: D:4-7

Altars:
Ru
Trog

Shops:
D:1 (   D:6 [(((


Message History

Confirm with . or Enter, or press ? or * to list all spells.
Aiming: Searing Ray (safe; 1% risk of failure)
Press: ? - help, Shift-Dir - straight line, f/p - orc warrior
Aim: an orc warrior, wielding a +3 glaive, wearing a +0 plate armour and carrying a wand of light (paralysed, 100% to hit)
The searing ray hits the orc warrior but does no damage. (Press . to maintain the ray.)
The searing ray hits the orc warrior but does no damage.
The searing ray hits the orc warrior but does no damage.
Casting: Searing Ray (safe; 1% risk of failure)
Confirm with . or Enter, or press ? or * to list all spells.
Restarting spell: Searing Ray (safe; 1% risk of failure)
Press: ? - help, Shift-Dir - straight line, f/p - orc warrior
Aim: an orc warrior, wielding a +3 glaive, wearing a +0 plate armour and carrying a wand of light (paralysed, 100% to hit)
The searing ray hits the orc warrior but does no damage. (Press . to maintain the ray.)
The orc warrior is no longer paralysed.
The orc warrior zaps a wand.
The bolt of light hits you!
You are confused.
You feel less confused.
As you read the scroll of summoning, it crumbles to dust.
Wisps of shadow whirl around you... The orc warrior misses you.
Casting: Searing Ray (safe; 1% risk of failure)
Confirm with . or Enter, or press ? or * to list all spells.
Aiming: Searing Ray (safe; 1% risk of failure)
Press: ? - help, Shift-Dir - straight line, f/p - orc warrior
Aim: an orc warrior, wielding a +3 glaive, wearing a +0 plate armour and carrying a wand of light (ally target, 81% to hit)
The searing ray hits the orc warrior but does no damage. (Press . to maintain the ray.)
The orc warrior hits you from afar with a +3 glaive!!
Your scorpion stings the orc warrior.
The orc warrior is poisoned.
Your scorpion poisons the orc warrior!
Your scorpion barely misses the orc warrior.
The orc warrior hits you from afar with a +3 glaive!!
* * * LOW HITPOINT WARNING * * *
Your orc barely misses the orc warrior.
Your phantom barely misses the orc warrior.
Okay, then.
Your scorpion stings the orc warrior but does no damage.
The orc warrior hits you from afar with a +3 glaive!!
You die...

.# #.. .#......<...o..# .##
#.. ...##.........# ..# #..
#.>##.........# ..#
##..####..##.........# ..#
#.........##.........# ..#
#.........##.........# #.#
#....so.†........∩#### #.#
#.....Wo#.######### #.#
###.....@.#.....# ###
#.####### #######.#.....# #.#
........# #.#.....####.#
...†....# #.#..........#
........# #.#.....####.#
........#########)#.....##.#.#
................#)#.....##.#.#
........####......#.....##...#
........# ####.#.#####.##.#.#


You could see an orc warrior (very poisoned, ally target), a friendly phantom
(summoned), a friendly scorpion (summoned) and a friendly orc (summoned).

Vanquished Creatures
  2 black bears
  A sky beast (D:6)
  2 ogres (D:5)
  A phantom (D:5)
  2 bullfrogs (D:6)
  A scorpion (D:5)
  5 wights (D:6)
  An orc priest (D:5)
  4 hounds
  3 jellies (D:4)
  Terence (D:2)
  4 iguanas
  An orc wizard (D:3)
  8 gnolls (D:6)
  8 adders
  A white imp (D:6)
  An ufetubus (D:6)
  2 worms
  2 dart slugs
  18 orcs
  5 bats
  2 endoplasms
  5 giant cockroaches
  3 goblins
  5 hobgoblins
  7 jackals
  3 quokkas
  3 ball pythons (D:1)
  5 frilled lizards
  5 kobolds
  4 rats
115 creatures vanquished.

Vanquished Creatures (others)
  An adder (D:6)
1 creature vanquished.

Grand Total: 116 creatures vanquished

Notes
Turn   | Place    | Note
-------+----------+-------------------------------------------
     0 | D:1      | DApurpleWHUMPUS the Human Conjurer began the quest for the
                  | Orb.
     0 | D:1      | Reached XP level 1. HP: 13/13 MP: 3/3
   312 | D:1      | Reached XP level 2. HP: 14/19 MP: 0/5
   677 | D:1      | Found Cumemmim's Antique Weapon Boutique.
  1387 | D:2      | Noticed Terence
  1505 | D:1      | Learned a level 2 spell: Searing Ray
  1732 | D:2      | Found a faded altar of an unknown god.
  1740 | D:2      | Noticed a great orb of eyes
  1740 | D:2      | Noticed a glass eye
  1746 | D:2      | Noticed a glass eye
  1752 | D:2      | Reached XP level 3. HP: 24/24 MP: 2/7
  1809 | D:2      | Noticed a shining eye
  1986 | D:2      | Reached skill level 3 in Spellcasting
  2404 | D:3      | Reached XP level 4. HP: 30/30 MP: 1/9
  2941 | D:3      | Reached skill level 4 in Spellcasting
  3309 | D:3      | Reached XP level 5. HP: 35/35 MP: 4/11
  3651 | D:4      | Identified the +5 mace of Bafihu {freeze, rElec Str+3
                  | Stlth+}
  3934 | D:4      | Noticed a black bear
  3987 | D:4      | Reached skill level 5 in Spellcasting
  4119 | D:4      | Reached XP level 6. HP: 41/41 MP: 9/13
  4379 | D:4      | Found a bloodstained altar of Trog.
  4429 | D:4      | HP: 2/41 [black bear (5)]
  4430 | D:4      | Killed a black bear
  4431 | D:4      | Reached skill level 6 in Spellcasting
  4625 | D:4      | Reached XP level 7. HP: 46/46 MP: 9/16
  5749 | D:2      | Killed Terence
  5852 | D:5      | Entered Level 5 of the Dungeon
  5852 | D:5      | Noticed a two-headed ogre
  5987 | D:5      | Reached skill level 7 in Spellcasting
  6226 | D:5      | Reached XP level 8. HP: 40/52 MP: 10/19
  6469 | D:4      | Reached skill level 8 in Spellcasting
  6600 | D:5      | Found a sacrificial altar of Ru.
  7234 | D:6      | Reached skill level 5 in Conjurations
  7410 | D:6      | Found Zekhlean's Antique Weapon Emporium.
  7724 | D:6      | Reached XP level 9. HP: 42/57 MP: 13/21
  7913 | D:6      | Learned a level 3 spell: Dazzling Flash
  7918 | D:6      | Learned a level 4 spell: Iskenderun's Mystic Blast
  7918 | D:6      | Found Norohaom's Weapon Boutique.
  7956 | D:6      | Found Aguuwkok's Armour Boutique.
  7979 | D:6      | Found Kibadde's Antique Weapon Emporium.
  8414 | D:6      | Demolished by an orc warrior

Illustrated notes

Levels and vault maps discovered:
D:1:      amcnicky_arrival_double_pillar, layout_basic, serial_shops,
          nicolae_shop_crystal, kennysheep_nondescript, minmay_door_square
D:2:      layout_loops_ring, hellmonk_ecumenical_altar_watching_god,
          uniq_terence
D:3:      layout_loops_ring, serial_bayou, serial_bayou_pond_e,
          serial_bayou_shore_b, serial_bayou_pond_c, serial_bayou_lake_a,
          serial_bayou_pond_e, serial_bayou_pond_b,
          corexii_item_surrounded_by_moat
D:4:      layout_basic, mainiacjoe_overflow_six_doors_small, serial_bayou,
          serial_bayou_lagoon_a, serial_bayou_pond_b, serial_bayou_pond_c,
          serial_bayou_shore_a, nrook_uturn, chequers_serial_rivers_micro_d
D:5:      layout_basic, kennysheep_little_box
D:6:      layout_basic, serial_shops, nicolae_shop_bloodbath_and_beyond, shop,
          shop, nicolae_shop_behind_doors, nicolae_shop_behind_doors,
          serial_curves, eino_curves_02, eino_curves_01, minmay_starry_boxes,
          uniq_blork_the_orc

Skill      XL: |  1  2  3  4  5  6  7  8 |
---------------+-------------------------+-----
Spellcasting   | 3 4 5 6 7 8 |  8.8
Conjurations   | 6 |  6.9
Dodging        | |  2.1
Stealth        | |  2.1

Action                     |  1- 3 |  4- 6 |  7- 9 || total
---------------------------+-------+-------+-------++-------
  Melee: Unarmed           |    23 |       |       ||    23
         Staff             |     2 |    16 |       ||    18
         Mace              |       |     8 |     1 ||     9
   Cast: Magic Dart        |    61 |    87 |    82 ||   230
         Searing Ray       |     4 |     6 |    43 ||    53
  Evoke: Wand              |       |       |     2 ||     2
    Use: Scroll            |     1 |       |    11 ||    12
         Potion            |       |     1 |       ||     1
   Stab: Sleeping          |     1 |     2 |       ||     3
 Armour: Robe              |    14 |       |       ||    14
         Leather armour    |    15 |    43 |    53 ||   111
  Dodge: Dodged            |    33 |    36 |    47 ||   116
         Repelled          |       |       |     1 ||     1

Table legend: (Time is in decaauts)
 A = Elapsed time spent in this place.
 B = Non-inter-level travel time spent in this place.
 C = Inter-level travel time spent in this place.
 D = Time resting spent in this place.
 E = Time spent auto-exploring this place.
 F = Levels seen in this place.
 G = Mean time per level.
                   A        B        C        D        E       F      G
               +--------+--------+--------+--------+--------+-----+--------+
         Total |   8486 |   7753 |    733 |   2122 |   4653 |   6 | 1414.3 |
       Dungeon |   8486 |   7753 |    733 |   2122 |   4653 |   6 | 1414.3 |
               +--------+--------+--------+--------+--------+-----+--------+

Top non-repeatable levels by time:
     D:4: 2248 daAuts
     D:1: 1478 daAuts
     D:3: 1372 daAuts
     D:5: 1353 daAuts
     D:6: 1034 daAuts
     D:2: 998 daAuts
